 Dungeon Crawl Stone Soup version 0.16.1-25-gbcee3f8 (webtiles) character file.

537 linquant the Magician (level 7, -3/51 HPs)
             Began as a Yellow Draconian Wizard on May 16, 2015.
             Was an Initiate of Sif Muna.
             Killed from afar by an orc wizard (11 damage)
             ... with a magic dart
             ... on level 5 of the Dungeon on May 17, 2015.
             The game lasted 01:05:06 (5120 turns).

linquant the Magician (Yellow Draconian Wizard)     Turns: 5120, Time: 01:05:06

Health: -3/51      AC:  8    Str: 10    XL:     7   Next: 5%
Magic:  4/18       EV: 12    Int: 20    God:    Sif Muna [......]
Gold:   145        SH:  0    Dex:  9    Spells: 3 memorised, 11 levels left

rFire  . . .     SeeInvis .     j - +0 quarterstaff (distort)
rCold  . . .     Clarity  .     (armour unavailable)
rNeg   . . .     SustAb   .     (no shield)
rPois  .         Gourm    .     b - +0 hat
rElec  .         Spirit   .     v - +0 cloak
rCorr  +         Warding  .     (no gloves)
rMut   .         Stasis   .     u - +0 pair of boots
MR     .....                    l - amulet of regeneration
Stlth  ++........               (no ring)
                                (no ring)

@: very slightly contaminated, not resistant to hostile enchantments, unstealthy
A: spit acid, acid resistance, unfitting armour, cold-blooded, AC +6
a: Spit Acid, Renounce Religion


You were on level 5 of the Dungeon.
You worshipped Sif Muna.
Sif Muna was noncommittal.
You were not hungry.

You visited 2 branches of the dungeon, and saw 6 of its levels.

You collected 145 gold pieces.

Inventory:

Hand weapons
 g - a +1 hand axe
 j - a +0 quarterstaff of distortion (weapon)
 k - a +0 scimitar of flaming
 x - a cursed +0 great sword
 G - a +3 spear of chaos
 J - a +3 dire flail of protection
Armour
 b - a +0 hat (worn)
 e - a +0 robe
 m - a +0 large shield
 u - a +0 pair of boots (worn)
 v - a +0 cloak (worn)
 I - a +0 ring mail of positive energy
Jewellery
 l - an amulet of regeneration (around neck)
 n - an uncursed ring of sustain abilities {unknown}
 t - an uncursed amulet of resist corrosion
 D - an uncursed ring of positive energy {unknown}
Scrolls
 a - 2 scrolls of blinking
 f - a scroll of remove curse
 i - 3 scrolls of amnesia {unknown}
 w - a scroll of random uselessness {unknown}
 y - 3 scrolls of noise {unknown}
 B - a scroll of teleportation
 F - a scroll of fear {unknown}
Potions
 o - a potion of curing
 p - 3 potions of magic {unknown}
 q - a potion of flight {unknown}
 r - 2 potions of heal wounds {unknown}
 s - a potion of agility {unknown}
 z - 2 potions of might
 C - a potion of invisibility {unknown}
Books
 c - a book of Minor Magic

   Spells                             Type                      Level
   a - Magic Dart                     Conjuration                  1
   b - Blink                          Translocation                2
   c - Call Imp                       Summoning                    2
   d - Repel Missiles                 Charms/Air                   2
   e - Slow                           Hexes                        2
   f - Conjure Flame                  Conjuration/Fire             3
   g - Mephitic Cloud                 Conjuration/Poison/Air       3
 H - a book of Air

   Spells                             Type                      Level
   a - Shock                          Conjuration/Air              1
   b - Swiftness                      Charms/Air                   2
   c - Repel Missiles                 Charms/Air                   2
   d - Flight                         Charms/Air                   3
   e - Static Discharge               Conjuration/Air              3
   f - Lightning Bolt                 Conjuration/Air              5
Comestibles
 d - 3 bread rations
 h - a royal jelly
 A - a beef jerky
 E - a meat ration


   Skills:
 + Level 0.7 Fighting
 + Level 0.6 Axes
 + Level 1.4 Staves
 + Level 3.6 Dodging
 + Level 2.1 Stealth
 + Level 5.1 Spellcasting
 + Level 2.6 Conjurations
 + Level 2.4 Summonings
 + Level 1.6 Translocations


You had 11 spell levels left.
You knew the following spells:

 Your Spells              Type           Power        Failure   Level  Hunger
a - Magic Dart            Conj           ###.         4%          1    None
b - Call Imp              Summ           ###.....     10%         2    None
c - Blink                 Tloc           N/A          12%         2    None


Dungeon Overview and Level Annotations

Branches:
Dungeon (5/15)             Temple (1/1) D:4

Altars:
Ashenzari
Cheibriados
Dithmenos
Elyvilon
Fedhas
Gozag
Kikubaaqudgha
Makhleb
Qazlal
Sif Muna
Xom
Yredelemnul
Zin

Annotations:
D:5 Ruokin's ghost, experienced DDSk


Innate Abilities, Weirdness & Mutations

You can spit globs of acid.
You can corrode armour when you spit acid.
You are resistant to acid.
Your golden yellow scales are hard (AC +6).
Your body does not fit into most forms of armour.
Your cold-blooded metabolism reacts poorly to cold.


Message History

Anything else - Stay silent.
Gang up on whom?
Press: ? - help, Dir - move target cursor, f - orc wizard, p - ice beast
Aim: an orc wizard, wielding a dagger and wearing a robe (fast) Attack!
The orc wizard suddenly jeers.
The orc wizard casts a spell at you. The puff of flame hits you!
The ice beast hits you. The ice beast freezes you!
You feel yourself slow down.
You closely miss the orc wizard. The orc wizard misses you.
The orc wizard hits you but does no damage.
The ice beast hits you. The ice beast freezes you!
* * * LOW HITPOINT WARNING * * *
The orc wizard hits you with a dagger.
* * * LOW HITPOINT WARNING * * *
The ice beast closely misses you.
You feel yourself speed up. The orc wizard casts a spell at you.
The magic dart hits you!
You die...

##.#####...#.##.#### .
#..................# .##..#
#..#####..##.##.##.# .....
#............#.###.#######
.#.## #...####..#...#
#.#...{.. ##...###...#
#..##### #o#.#####
...#.......# #.5##### #.#.#
##...##..)#####Yo#...# #.#†#
#..).........##.@....# #.#Y#
..........##.###.#...# #.#.#
#.#.#.###.#...##.##.#####.#.##
#.#...........5..##.##.†.....#
#.#######.#...#.###.##.#####.#
#.# #.##........##)# #.# #.#
#.#####......5s# #.# ..# #.#
########.# #.# ### #.#
#.#####.####


You could see an ice beast, an orc wizard and a friendly crimson imp.

Vanquished Creatures
  Edmund (D:5)
  An ogre (D:5)
  A giant frog (D:4)
  2 orc priests (D:4)
  A centaur skeleton (D:5)
  An iguana (D:4)
  A gnoll (D:4)
  3 adders
  2 worms
  2 giant mites (D:5)
  3 oozes
  8 orcs (D:4)
  9 bats
  6 giant cockroaches
  10 goblins
  7 hobgoblins
  6 jackals
  2 quokkas
  A ball python (D:5)
  A giant gecko (D:5)
  3 giant newts
  9 kobolds
  12 rats
92 creatures vanquished.

Vanquished Creatures (collateral kills)
  A scorpion (D:4)
  A hound (D:4)
  An orc priest (D:4)
  An adder (D:3)
  A worm (D:2)
  2 orcs (D:4)
  3 jackals
  A kobold (D:3)
  A bat (D:3)
  2 giant newts
14 creatures vanquished.

Vanquished Creatures (others)
  3 crimson imps (D:5)
  3 white imps
  An orc (D:3)
7 creatures vanquished.

Grand Total: 113 creatures vanquished

Notes
Turn   | Place    | Note
--------------------------------------------------------------
     0 | D:1      | linquant, the Draconian Wizard, began the quest for the Orb.
     0 | D:1      | Reached XP level 1. HP: 14/14 MP: 4/4
   439 | D:1      | Reached XP level 2. HP: 20/20 MP: 0/6
  1156 | D:2      | Learned a level 2 spell: Call Imp
  1159 | D:2      | Learned a level 2 spell: Blink
  1169 | D:2      | Reached XP level 3. HP: 7/26 MP: 1/8
  2328 | D:3      | Reached XP level 4. HP: 33/33 MP: 3/10
  2946 | D:4      | Noticed a giant frog
  2954 | D:4      | Killed a giant frog
  2954 | D:4      | Reached skill level 4 in Spellcasting
  2959 | D:4      | Reached XP level 5. HP: 22/39 MP: 3/13
  3428 | D:4      | Found a staircase to the Ecumenical Temple.
  3435 | Temple   | Entered the Ecumenical Temple
  3768 | Temple   | Became a worshipper of Sif Muna the Loreminder
  3881 | D:4      | Upgraded the game from 0.16.1-18-g436b03c to 0.16.1-25-gbcee3f8
  3987 | D:4      | Reached XP level 6. HP: 29/46 MP: 11/15
  4268 | D:4      | Reached skill level 1 in Staves
  4325 | D:4      | Found a shimmering altar of Xom.
  4723 | D:5      | Entered Level 5 of the Dungeon
  4905 | D:5      | Noticed Edmund
  4943 | D:5      | Reached skill level 5 in Spellcasting
  5029 | D:5      | Killed Edmund
  5029 | D:5      | Your scales start taking on a golden yellow colour.
  5029 | D:5      | Reached XP level 7. HP: 51/51 MP: 3/18
  5043 | D:5      | Noticed Ruokin's ghost (experienced DDSk)
  5120 | D:5      | Killed from afar by an orc wizard

Action                   |  1- 3 |  4- 6 |  7- 9 || total
-------------------------+-------+-------+-------++-------
Melee: Unarmed           |    22 |       |       ||    22
       Hand axe          |    61 |       |       ||    61
       Quarterstaff      |    12 |   102 |     5 ||   119
 Cast: Magic Dart        |    74 |    75 |       ||   149
       Call Imp          |     5 |    35 |     4 ||    44
       Blink             |     5 |     3 |       ||     8
  Use: Scroll            |     5 |     1 |       ||     6
       Potion            |     4 |       |       ||     4
 Stab: Sleeping          |     1 |       |       ||     1
  Eat: Bread ration      |     1 |     2 |       ||     3
       Meat ration       |       |     1 |       ||     1
